 Dungeon Crawl Stone Soup version 0.23.0 (webtiles) character file.

Game seed: 13637565714596704897

565557 marthius the Slayer (level 26, -6/256 HPs)
             Began as a Hill Orc Fighter on Feb 11, 2019.
             Was a High Priest of Makhleb.
             Killed from afar by an orb of fire (16 damage)
             ... with a bolt of fire
             ... on level 3 of the Realm of Zot.
             The game lasted 03:34:55 (48949 turns).

marthius the Slayer (Hill Orc Fighter)             Turns: 48949, Time: 03:34:56

Health: -6/256     AC: 44    Str: 32    XL:     26   Next: 79%
Magic:  36/36      EV:  8    Int:  7    God:    Makhleb [*****.]
Gold:   3148       SH: 34    Dex: 16    Spells: 25/33 levels left

rFire    + + .     SeeInvis .   J - +11 war axe of Wosmeibro {flame, Int+5 Dex+3}
rCold    + . .     Gourm    .   r - +5 large shield
rNeg     + + .     Faith    .   l - +10 plate armour of Bocwiz {rF+ Regen+ rCorr}
rPois    .         Spirit   .   (helmet restricted)
rElec    +         Reflect  +   K - +2 cloak "Feaplena" {rCorr}
rCorr    +         Harm     .   T - +2 pair of gloves
MR       +++..     Clarity  +   R - +4 pair of boots of the Hidden Vale {rElec}
Stlth    +.........             F - amulet "Uhyinih" {Reflect Fragile rF+ rN+ Str+6 SH+3}
HPRegen  0.92/turn              X - ring of the Skies Above {Ice rN+ MR+ Int-4}
MPRegen  0.25/turn              M - ring of protection from magic

@: very slightly contaminated, hasted, invisible, very quick
A: horns 1, blurry vision 2, clarity, clumsy 1, dopey 1, fire resistance 1
}: 3/15 runes: serpentine, barnacled, silver
a: Minor Destruction, Lesser Servant of Makhleb, Major Destruction, Greater
Servant of Makhleb, Renounce Religion


You were on level 3 of the Realm of Zot.
You worshipped Makhleb.
Makhleb was extremely pleased with you.
You were not hungry.

You visited 9 branches of the dungeon, and saw 48 of its levels.
You visited 2 bazaars.
You also visited: Trove.

You collected 5811 gold pieces.
You spent 2663 gold pieces at shops.

Inventory:

Hand Weapons
 a - the +10 war axe "Concordance" {freeze, rPois Int+4}
   (You found it on level 3 of the Snake Pit)

   It has been specially enchanted to freeze those struck by it, causing extra
   injury to most foes and up to half again as much damage against particularly
   susceptible opponents.
   It can also slow down cold-blooded creatures.
   It affects your intelligence (+4).
   It protects you from poison.
 J - the +11 war axe of Wosmeibro (weapon) {flame, Int+5 Dex+3}
   (You found it on level 9 of the Dungeon)

   It has been specially enchanted to burn those struck by it, causing extra
   injury to most foes and up to half again as much damage against particularly
   susceptible opponents.
   Big, fiery blades are also staple armaments of hydra-hunters.
   It affects your intelligence (+5).
   It affects your dexterity (+3).
Missiles
 i - 1256 stones (quivered)
Armour
 h - a +2 helmet of see invisible
 l - the +10 plate armour of Bocwiz (worn) {rF+ Regen+ rCorr}
   (You found it on level 5 of the Dungeon)

   It protects you from fire.
   It increases your rate of regeneration.
   It provides partial protection from all sources of acid and corrosion.
 r - a +5 large shield (worn)
 K - the +2 cloak "Feaplena" (worn) {rCorr}
   (You found it on level 2 of the Depths)

   It provides partial protection from all sources of acid and corrosion.
 R - the +4 pair of boots of the Hidden Vale (worn) {rElec}
   (You found it on level 13 of the Dungeon)

   It insulates you from electricity.
 T - a +2 pair of gloves (worn)
Jewellery
 q - the amulet "Igia" {Faith Str+2, unknown}
   (You found it in a treasure trove)

   [amulet of faith]

   It allows you to gain divine favour quickly.
   It affects your strength (+2).
 v - the ring "Etywk" {rPois rC+}
   (You acquired it on level 4 of the Vaults)

   [ring of protection from cold]

   It protects you from cold.
   It protects you from poison.
 D - the ring of Phasing {EV+8}
   (You took it off a deep elf death mage on level 3 of the Elven Halls)

   [ring of evasion]

   It affects your evasion (+8).
 F - the amulet "Uhyinih" (around neck) {Reflect Fragile rF+ rN+ Str+6 SH+3}
   (You bought it in a shop on level 1 of the Snake Pit)

   [amulet of reflection]

   It shields you and reflects attacks.
   It affects your strength (+6).
   It protects you from fire.
   It protects you from negative energy.
   It will be destroyed if unequipped.
   It affects your SH (+3).
 M - a ring of protection from magic (right hand)
 X - the ring of the Skies Above (left hand) {Ice rN+ MR+ Int-4}
   (You bought it in a shop on level 2 of the Orcish Mines)

   [ring of ice]

   It enhances your ice magic.
   It affects your intelligence (-4).
   It makes you vulnerable to fire.
   It protects you from cold.
   It protects you from negative energy.
   It affects your resistance to hostile enchantments.
Wands
 d - a wand of scattershot (4)
 s - a wand of flame (27)
 H - a wand of paralysis (51)
 L - a wand of polymorph (7)
 P - a wand of disintegration (44)
 Q - a wand of enslavement (79)
 S - a wand of digging (13)
 U - a wand of clouds (4)
 Z - a wand of iceblast (6)
Scrolls
 f - 9 scrolls of fear
 g - 7 scrolls of magic mapping
 j - 4 scrolls of fog
 k - 11 scrolls of remove curse
 m - 11 scrolls of blinking
 A - 2 scrolls of silence
 B - a scroll of enchant armour
 C - 10 scrolls of teleportation
 N - 2 scrolls of identify
 W - 3 scrolls of amnesia
 Y - a scroll of acquirement
Potions
 b - 5 potions of agility
 c - a potion of resistance
 n - a potion of might
 o - 6 potions of curing
 p - 7 potions of flight
 t - 3 potions of mutation
 u - a potion of cancellation
 w - 8 potions of brilliance
 x - a potion of invisibility
 z - 2 potions of magic
 I - 4 potions of berserk rage
 O - a potion of haste
Miscellaneous
 y - a lightning rod (4/4)
 G - a phantom mirror
Comestibles
 E - 51 rations


   Skills:
 + Level 24.5 Fighting
 - Level 16.4 Axes
 + Level 23.0 Armour
 - Level 12.4 Stealth
 + Level 22.2 Shields
 - Level 4.3 Spellcasting
 - Level 8.4 Earth Magic
 + Level 18.7 Invocations
 - Level 14.0 Evocations


You had 25 spell levels left.
You knew the following spells:

 Your Spells              Type           Power        Failure   Level  Hunger
a - Statue Form           Tmut/Erth      #........    100%        6    #######
b - Swiftness             Chrm/Air       #.......     90%         2    ###....

Your spell library contained the following spells:

 Spells                   Type           Power        Failure   Level  Hunger
 Sandblast                Erth           ##....       4%          1    #......
 Passwall                 Tmut/Erth      #.......     36%         2    ###....
 Stone Arrow              Conj/Erth      #.....       58%         3    ###....
 Lee's Rapid Deconstruct  Erth           ##........   75%         5    ######.
 Beastly Appendage        Tmut           #.....       80%         1    #......
 Confusing Touch          Hex            #.....       80%         1    #......
 Corona                   Hex            #......      80%         1    #......
 Flame Tongue             Conj/Fire      #....        80%         1    #......
 Infusion                 Chrm           #...         80%         1    #......
 Summon Small Mammal      Summ           #...         80%         1    #......
 Call Imp                 Summ           #.......     90%         2    ###....
 Corpse Rot               Necr           N/A          90%         2    ###....
 Ensorcelled Hibernation  Hex/Ice        #.....       90%         2    ###....
 Poisonous Vapours        Pois/Air       #.....       90%         2    ###....
 Shroud of Golubria       Chrm/Tloc      #.........   90%         2    ###....
 Slow                     Hex            #.......     90%         2    ###....
 Song of Slaying          Chrm           #.......     90%         2    ###....
 Sticks to Snakes         Tmut           #.......     90%         2    ###....
 Sublimation of Blood     Necr           #.........   90%         2    ###....
 Throw Flame              Conj/Fire      #.....       90%         2    ###....
 Leda's Liquefaction      Hex/Erth       #.........   94%         4    #####..
 Petrify                  Tmut/Erth      #.......     94%         4    #####..
 Call Canine Familiar     Summ           #.......     99%         3    ###....
 Confuse                  Hex            #.......     99%         3    ###....
 Conjure Flame            Conj/Fire      #.......     99%         3    ###....
 Gell's Gravitas          Tloc           #.........   99%         3    ###....
 Ignite Poison            Fire/Tmut/Pois #.......     99%         3    ###....
 Inner Flame              Hex/Fire       #.......     99%         3    ###....
 Mephitic Cloud           Conj/Pois/Air  #.......     99%         3    ###....
 Portal Projectile        Hex/Tloc       #.....       99%         3    ###....
 Recall                   Summ/Tloc      N/A          99%         3    ###....
 Regeneration             Chrm/Necr      #.........   99%         3    ###....
 Spectral Weapon          Hex/Chrm       #.......     99%         3    ###....
 Spider Form              Tmut/Pois      #.........   99%         3    ###....
 Static Discharge         Conj/Air       #.......     99%         3    ###....
 Summon Guardian Golem    Hex/Summ       #.......     99%         3    ###....
 Vampiric Draining        Necr           #.........   99%         3    ###....
 Animate Dead             Necr           N/A          100%        4    #####..
 Cause Fear               Hex            #.........   100%        4    #####..
 Ice Form                 Ice/Tmut       #.......     100%        4    #####..
 Passage of Golubria      Tloc           N/A          100%        4    #####..
 Sticky Flame             Conj/Fire      #.......     100%        4    #####..
 Summon Ice Beast         Ice/Summ       #.......     100%        4    #####..
 Summon Lightning Spire   Summ/Air       #.......     100%        4    #####..
 Agony                    Necr           #.......     100%        5    ######.
 Aura of Abjuration       Summ           #.........   100%        5    ######.
 Blade Hands              Tmut           #.........   100%        5    ######.
 Bolt of Draining         Conj/Necr      #.........   100%        5    ######.
 Bolt of Magma            Conj/Fire/Erth #.........   100%        5    ######.
 Borgnjor's Vile Clutch   Necr/Erth      #.........   100%        5    ######.
 Dispel Undead            Necr           #.......     100%        5    ######.
 Excruciating Wounds      Chrm/Necr      #.........   100%        5    ######.
 Fireball                 Conj/Fire      #.........   100%        5    ######.
 Lightning Bolt           Conj/Air       #.........   100%        5    ######.
 Metabolic Englaciation   Hex/Ice        #.........   100%        5    ######.
 Silence                  Hex/Air        #.........   100%        5    ######.
 Summon Demon             Summ           #.........   100%        5    ######.
 Summon Forest            Summ/Tloc      #.........   100%        5    ######.
 Summon Mana Viper        Hex/Summ       #.......     100%        5    ######.
 Yara's Violent Unravell  Hex/Tmut       #.........   100%        5    ######.
 Bolt of Cold             Conj/Ice       #.........   100%        6    #######
 Bolt of Fire             Conj/Fire      #.........   100%        6    #######
 Darkness                 Hex            #.........   100%        6    #######
 Freezing Cloud           Conj/Ice/Air   #.........   100%        6    #######
 Invisibility             Hex            #.......     100%        6    #######
 Iron Shot                Conj/Erth      #.........   100%        6    #######
 Ozocubu's Refrigeration  Ice            #.........   100%        6    #######
 Poison Arrow             Conj/Pois      #.........   100%        6    #######
 Shadow Creatures         Summ           N/A          100%        6    #######
 Simulacrum               Ice/Necr       #.........   100%        6    #######
 Ring of Flames           Chrm/Fire      #.........   100%        7    #######
 Chain Lightning          Conj/Air       #.........   100%        8    #######
 Discord                  Hex            #.........   100%        8    #######
 Disjunction              Tloc           #.........   100%        8    #######
 Ignition                 Fire           #.........   100%        8    #######
 Lehudib's Crystal Spear  Conj/Erth      #.........   100%        8    #######
 Fire Storm               Conj/Fire      #.........   100%        9    #######
 Glaciate                 Conj/Ice       #.........   100%        9    #######
 Shatter                  Erth           ##........   100%        9    #######
 Tornado                  Air            #.........   100%        9    #######


Dungeon Overview and Level Annotations

Branches:
Dungeon (15/15)            Temple (0/1) D:5            Lair (6/6) D:11
 Shoals (4/4) Lair:4        Snake (4/4) Lair:2        Slime (0/5) Lair:5
    Orc (2/2) D:10            Elf (3/3) Orc:2        Vaults (5/5) D:13
  Crypt (0/3) Vaults:3     Depths (5/5) D:15            Zot (4/5) Depths:5

Altars:
Ashenzari
Dithmenos
Elyvilon
Hepliaklqana
Kikubaaqudgha
Makhleb
Nemelex Xobeh
Okawaru
Sif Muna
Uskayaw
Vehumet
Xom
Yredelemnul
Jiyva
Lugonu

Shops:
D:5 [   D:6 %   D:7 }   D:9 *   D:10 =   D:15 (   Orc:2 [![=   Elf:1 }
Elf:3 [   Shoals:4 }*   Snake:1 *}==   Vaults:1 ?[?[   Vaults:3 =   Vaults:4 [

Portals:
Hell: Depths:1 Depths:2 Depths:3 Depths:5
Abyss: Depths:1 Depths:3 Depths:5
Pandemonium: Depths:2 Depths:3
Ziggurat: Depths:2

Annotations:
D:8 1 runed translucent door, feelmyfire's ghost, novice DgTm
D:10 exclusion: ice statue
Lair:4 Sonja
Snake:1 exclusion: Roxanne, Roxanne
Depths:2 exclusion: downstairs
Zot:1 1 transporter


Innate Abilities, Weirdness & Mutations

You have a pair of small horns on your head.
Scrolls take you longer to read.
You possess an exceptional clarity of mind.
You are clumsy. (Dex -2)
You are dopey. (Int -2)
Your flesh is heat resistant. (rF+)


Message History

The fireball explodes!
The fireball engulfs you. You resist.
* * * LOW HITPOINT WARNING * * *
You feel better.
Your balrug barely misses the orb of fire.
Okay, then.
You fade into invisibility!
You are very lightly contaminated with residual magic.
You feel better.
You miss the orb of fire. Your headbutt misses the orb of fire.
The orb of fire is lightly damaged.
You slash the orb of fire! Your headbutt misses the orb of fire.
The orb of fire is moderately damaged.
The orb of fire glows yellow.
The fireball explodes!
The fireball engulfs you!! You resist.
* * * LOW HITPOINT WARNING * * *
The fireball engulfs the orb of fire.
The orb of fire completely resists.
You feel better.
The orb of fire glows red.
The bolt of fire hits you! You resist.
You die...

# #.####.<......................#
# #.# #............####'########
###.####............+........#
.......+............########.#
###.##.#............# #.# #
#.##.#............# #.# #
#....#............# #.# #
#.##.#............## #.#
###.##.###'#....@....# #.#
....##.###.#....*....#######.####
.#####.....#....2....##.........#
.# #.###.#........['...######.#
.#####.....+........[##..# #.#
.......###.#.........##..# #.#
######## #.#.........##..######.#
#.#.........##..........
#.#....>....###.######.#


You could see an orb of fire and a friendly balrug.

Vanquished Creatures
  A juggernaut (Depths:2)
  The ghost of xzight the Conqueror, a legendary MiBe of Trog (Depths:2)
  Frederick (Vaults:4)
  The ghost of WeeknightWizard the Sorcerer, a veteran DEFE of Vehumet (Depths:2)
  The ghost of Marixus the Executioner, an adept HOFi of Beogh (Vaults:3)
  Jory (Depths:4)
  3 golden dragons
  Nikola (Elf:3)
  6 tentacled monstrosities
  Rupert (Lair:4)
  3 liches
  2 deep elf blademasters (Elf:3)
  A deep elf master archer (Elf:3)
  The ghost of Lolleill the Bludgeoner, an adept DgTm (Vaults:1)
  3 titans (Vaults:5)
  7 death cobs
  4 krakens (Shoals:3)
  An ancient champion (Vaults:4)
  10 storm dragons
  5 sphinxes
  7 shadow dragons
  Agnes (Snake:1)
  7 tengu reavers
  2 draconian monks
  6 fire giants
  2 draconian knights
  3 iron dragons (Vaults:5)
  10 frost giants
  A balrug (Depths:2)
  6 nagarajas
  23 vault wardens
  2 deep elf sorcerers
  4 draconian scorchers
  A ghost moth (Zot:3)
  2 orc warlords
  A caustic shrike zombie (Depths:2)
  2 draconian shifters
  4 deep elf elementalists
  16 ironheart preservers
  A war gargoyle (Vaults:5)
  2 spriggan defenders
  39 very ugly things
  24 stone giants
  A draconian annihilator (Zot:1)
  3 deep elf demonologists
  An entropy weaver (Vaults:2)
  4 green draconians
  5 black draconians
  9 yellow draconians
  3 red draconians
  4 deep elf annihilators (Elf:3)
  8 purple draconians
  17 spark wasps
  6 white draconians
  9 ettins
  11 deep elf death magi
  15 fire dragons
  9 merfolk impalers
  5 deep elf high priests
  2 merfolk javelineers
  12 naga warriors
  8 great orbs of eyes
  16 yaktaur captains
  4 hydras
  Harold (D:9)
  10 ice dragons
  5 rakshasas
  3 spriggan air magi
  33 vault guards
  3 merfolk avatars
  A catoblepas (D:11)
  A monstrous demonspawn (Depths:2)
  Erica (D:9)
  5 death knights
  A satyr (Shoals:3)
  5 anacondas
  4 merfolk aquamancers
  6 centaur warriors
  31 two-headed ogres
  11 deep troll shamans
  4 large abominations
  7 death yaks
  10 ogre magi
  22 dancing weapons
  10 deep troll earth magi
  13 tengu warriors
  4 naga sharpshooters
  2 spriggan berserkers
  3 hell knights (Depths:5)
  6 small abominations
  4 shock serpents
  20 deep elf knights
  4 iron trolls
  8 skeletal warriors
  7 unseen horrors
  5 sea snakes
  2 glowing orange brains (shapeshifter) (Vaults:5)
  A gelid demonspawn (Depths:2)
  3 shadow wraiths
  3 glowing orange brains
  4 flayed ghosts
  A tengu zombie (Depths:2)
  37 deep trolls
  A death drake (Depths:4)
  8 harpies
  18 ironbrand convokers
  3 naga ritualists
  Pikel (D:7)
  15 deep elf archers
  2 wizards
  13 orc knights
  2 stone giant zombies (Depths:1)
  A phantasmal warrior (Depths:4)
  An orange crystal statue (Depths:4)
  4 salamanders
  A lindwurm (shapeshifter) (Depths:2)
  7 mana vipers
  5 necromancers
  27 ugly things
  8 manticores
  20 fauns
  An orc sorcerer (Vaults:5)
  A wolf spider (Vaults:2)
  3 cyclopes
  46 deep elf magi
  18 moths of wrath
  5 elephants
  A rust devil (Depths:2)
  25 black mambas
  Joseph (D:7)
  3 guardian serpents
  A black mamba (shapeshifter) (Vaults:3)
  25 naga magi
  A water nymph (Shoals:4)
  7 merfolk sirens
  A gargoyle (D:12)
  A spiny frog (shapeshifter) (Vaults:4)
  A komodo dragon (shapeshifter) (Depths:3)
  14 vault sentinels
  A kobold demonologist (D:11)
  18 spiny frogs
  A rime drake (shapeshifter) (Vaults:5)
  3 centaur skeletons
  3 komodo dragons
  8 freezing wraiths
  3 rime drakes
  35 yaktaurs
  An anaconda simulacrum (Depths:4)
  A guardian mummy (Elf:3)
  A golden dragon simulacrum (Depths:2)
  A hellwing (Depths:2)
  3 hornets (shapeshifter)
  A wind drake (shapeshifter) (Vaults:4)
  A wind drake (Shoals:4)
  7 tengu conjurers
  31 merfolk
  A jumping spider (shapeshifter) (Vaults:1)
  5 polar bears
  7 trolls
  Prince Ribbit (D:10)
  A queen bee (Lair:1)
  A tengu simulacrum (Vaults:3)
  3 hornets
  3 tyrant leeches (Lair:6)
  An ettin zombie (Depths:1)
  A harpy skeleton (D:14)
  2 stone giant simulacra
  13 dream sheep
  A slime creature (Depths:1)
  35 blink frogs
  10 hippogriffs
  A raiju (Depths:4)
  A meliai zombie (D:15)
  5 snapping turtles
  3 redbacks (Vaults:2)
  25 water elementals
  A spriggan (shapeshifter) (Vaults:5)
  An air elemental (Elf:1)
  2 fire elementals
  A shadow (D:15)
  A tarantella (shapeshifter) (Vaults:2)
  2 golden eyes (shapeshifter) (Depths:2)
  26 yaks
  An elf simulacrum (Depths:2)
  A wyvern (D:12)
  2 wraiths
  Grum (D:9)
  9 basilisks
  A fire bat (shapeshifter) (Vaults:5)
  21 humans (D:13)
  A hungry ghost (D:8)
  2 steam dragons
  11 vampire mosquitoes
  3 chaos spawn (Depths:5)
  8 wargs
  Menkaure (D:6)
  23 nagas
  A soldier ant (D:12)
  A floating eye (shapeshifter) (Vaults:5)
  10 hell hounds
  12 water moccasins
  Duvessa (D:4)
  6 porcupines
  2 slaves (D:7)
  41 orc warriors
  3 ice beasts
  An ogre (shapeshifter) (Elf:2)
  A sky beast (D:11)
  A deep troll simulacrum (Depths:1)
  26 ogres
  A phantom (D:4)
  2 eyes of draining
  13 crocodiles
  14 wolves
  15 centaurs
  5 boggarts
  A big kobold (D:8)
  27 bullfrogs
  Dowan (D:4)
  2 earth elementals (Elf:1)
  7 scorpions
  A wyvern skeleton (D:10)
  9 wights
  42 killer bees
  3 howler monkeys
  5 electric eels
  3 crimson imps
  3 centaur zombies
  A human simulacrum (Vaults:3)
  A bullfrog zombie (D:11)
  A quasit (D:11)
  8 jellies
  6 hounds
  14 orc priests
  An iron imp (Depths:3)
  Natasha (D:4)
  4 bullfrog skeletons
  21 orc wizards
  3 iguanas
  7 worker ants
  2 hound skeletons
  A worker ant zombie (D:5)
  A howler monkey zombie (D:7)
  A howler monkey skeleton (D:11)
  16 adders
  3 shadow imps
  A white imp (Depths:1)
  5 oozes (D:8)
  An adder zombie (D:5)
  2 worms
  2 dart slugs (D:3)
  2 leopard geckos
  75 orcs
  8 giant cockroaches
  4 goblins
  4 hobgoblins
  13 jackals
  6 quokkas
  4 ball pythons
  10 bats
  4 frilled lizards (D:3)
  6 kobolds
  A quokka skeleton (D:4)
  A quokka zombie (D:5)
  5 rats
  2 crawling corpses (Elf:3)
  10 fungi
  10 plants
  12 tentacles (Shoals:3)
1863 creatures vanquished.

Vanquished Creatures (collateral kills)
  An orb of fire (Zot:4)
  Mennas (Depths:5)
  An ancient lich (Vaults:1)
  2 golden dragons
  2 liches (Vaults:1)
  A tentacled monstrosity (Vaults:5)
  A deep elf blademaster (Elf:2)
  Asterion (Elf:3)
  2 krakens (Shoals:3)
  The ghost of Amikeex the Brawler, an adept TrMo of Nemelex Xobeh (Depths:2)
  A shadow dragon (Vaults:5)
  A storm dragon (Zot:4)
  2 vault wardens (Vaults:5)
  3 deep elf sorcerers (Elf:3)
  2 deep elf elementalists (Elf:3)
  An ironheart preserver (Vaults:5)
  A war gargoyle (Vaults:5)
  2 very ugly things (Vaults:5)
  2 stone giants
  A deep elf demonologist (Vaults:5)
  2 red draconians
  Azrael (Snake:1)
  2 spark wasps
  A deep elf annihilator (Elf:3)
  An ettin (Vaults:5)
  A merfolk impaler (Shoals:2)
  A deep elf high priest (Vaults:5)
  3 vault guards (Vaults:5)
  An ogre mage (Depths:1)
  3 two-headed ogres
  A merfolk aquamancer (Shoals:2)
  A merfolk avatar (Shoals:3)
  A deep troll shaman (Depths:5)
  5 dancing weapons
  A tengu warrior (Depths:1)
  A shock serpent (Snake:1)
  6 naga sharpshooters (Snake:4)
  2 hell knights (Depths:5)
  4 deep elf knights
  A sea snake (Shoals:2)
  A deep troll (Vaults:5)
  A glowing orange brain (Depths:5)
  A deep troll (shapeshifter) (D:11)
  2 deep elf archers
  An ironbrand convoker (Vaults:1)
  3 harpies (Shoals:2)
  An ugly thing (Vaults:3)
  5 deep elf magi
  2 merfolk sirens
  A vault sentinel (Vaults:1)
  2 spiny frogs
  4 merfolk
  A tyrant leech (Lair:6)
  A dream sheep (Lair:5)
  A dream sheep (shapeshifter) (Depths:5)
  A hippogriff (Lair:5)
  A snapping turtle (Shoals:3)
  5 water elementals
  A yak (Lair:5)
  A basilisk (Lair:6)
  A vampire mosquito (Lair:6)
  An ogre (Depths:1)
  A crawling corpse (Elf:3)
  A plant (Shoals:4)
  8 tentacles (Shoals:3)
116 creatures vanquished.

Vanquished Creatures (others)
  A deep elf master archer (Elf:3)
  A stone giant (Depths:3)
  2 merfolk javelineers (Shoals:4)
  6 yaktaur captains
  A naga warrior (Snake:4)
  3 centaur warriors
  A satyr (Shoals:4)
  2 naga sharpshooters
  A deep troll (Depths:2)
  2 deep elf archers
  3 deep elf magi
  A moth of wrath (Zot:2)
  12 yaktaurs
  An orc warrior (Orc:2)
  6 centaurs
  A bullfrog (D:14)
  2 orc wizards (D:4)
  6 orcs
  7 fungi
  33 plants
  33 tentacles (Shoals:3)
125 creatures vanquished.

Grand Total: 2104 creatures vanquished

Notes
Turn   | Place    | Note
-------+----------+-------------------------------------------
     0 | D:1      | marthius the Hill Orc Fighter began the quest for the Orb.
     0 | D:1      | Reached XP level 1. HP: 19/19 MP: 1/1
    51 | D:1      | Reached XP level 2. HP: 21/27 MP: 2/2
   622 | D:2      | Reached skill level 4 in Fighting
   623 | D:2      | Reached XP level 3. HP: 33/33 MP: 3/3
   659 | D:2      | Found a hazy altar of Hepliaklqana.
  1309 | D:3      | Reached XP level 4. HP: 40/40 MP: 4/4
  2135 | D:3      | Reached XP level 5. HP: 47/47 MP: 5/5
  2440 | D:4      | Noticed Duvessa
  2440 | D:4      | Noticed Dowan
  2455 | D:4      | Killed Duvessa
  2455 | D:4      | Reached skill level 5 in Fighting
  2455 | D:4      | Reached XP level 6. HP: 48/56 MP: 6/6
  2459 | D:4      | Killed Dowan
  2704 | D:4      | Reached skill level 5 in Axes
  2713 | D:5      | Entered Level 5 of the Dungeon
  2945 | D:4      | Reached skill level 5 in Armour
  3043 | D:4      | Reached skill level 5 in Shields
  3043 | D:4      | Reached XP level 7. HP: 60/61 MP: 7/7
  3117 | D:4      | Found the +8 storm bow {elec}
  3158 | D:4      | Noticed Natasha
  3163 | D:4      | Killed Natasha
  3388 | D:4      | Found a burning altar of Makhleb.
  3395 | D:4      | Became a worshipper of Makhleb the Destroyer
  3954 | D:5      | Got a jewelled plate armour
  3965 | D:5      | Identified the +10 plate armour of Bocwiz {rF+ Regen+
                  | rCorr} (You found it on level 5 of the Dungeon)
  4002 | D:5      | Found Hotirhov's Armour Emporium.
  4006 | D:5      | Reached skill level 6 in Fighting
  4132 | D:5      | Reached XP level 8. HP: 70/70 MP: 8/8
  4290 | D:5      | Found a staircase to the Ecumenical Temple.
  4307 | D:5      | Reached * piety under Makhleb
  4667 | D:5      | Found a sparkling altar of Nemelex Xobeh.
  4867 | D:6      | Reached skill level 7 in Fighting
  5039 | D:6      | Found Buidiuvi's Food Boutique.
  5339 | D:6      | Noticed Menkaure
  5353 | D:6      | Killed Menkaure
  5353 | D:6      | Reached XP level 9. HP: 37/80 MP: 9/9
  5772 | D:7      | Noticed Joseph
  5803 | D:7      | Killed Joseph
  5803 | D:7      | Reached skill level 8 in Fighting
  5992 | D:7      | Reached ** piety under Makhleb
  6052 | D:7      | Reached skill level 1 in Invocations
  6130 | D:7      | Reached skill level 1 in Evocations
  6367 | D:7      | Found a white marble altar of Elyvilon.
  6526 | D:8      | Noticed a two-headed ogre
  6577 | D:7      | Found Guluhusm's Gadget Boutique.
  6578 | D:7      | Noticed Pikel
  6626 | D:7      | Killed Pikel
  6980 | D:8      | Reached XP level 10. HP: 90/90 MP: 12/12
  7097 | D:8      | Found a shadowy altar of Dithmenos.
  7147 | D:8      | Found a runed translucent door.
  7147 | D:8      | Found a shimmering altar of Xom.
  7147 | D:8      | Noticed feelmyfire's ghost (novice DgTm)
  7148 | D:8      | Noticed a +3 short sword of chaos
  7169 | D:8      | Reached skill level 9 in Fighting
  7344 | D:8      | Killed a two-headed ogre
  7892 | D:8      | Reached skill level 5 in Invocations
  7970 | D:9      | Reached *** piety under Makhleb
  7997 | D:8      | Reached skill level 10 in Axes
  8246 | D:9      | Found a hide-covered altar of Uskayaw.
  8253 | D:9      | Found a deep blue altar of Sif Muna.
  8273 | D:9      | Found an ancient bone altar of Kikubaaqudgha.
  8334 | D:10     | Entered Level 10 of the Dungeon
  8367 | D:10     | Reached skill level 10 in Fighting
  8367 | D:10     | Reached XP level 11. HP: 99/99 MP: 15/15
  8416 | D:9      | Reached skill level 5 in Evocations
  8575 | D:9      | Found Daserr's Assorted Antiques.
  8583 | D:9      | Got a shimmering war axe
  8584 | D:9      | Identified the +11 war axe of Wosmeibro {flame, Int+5
                  | Dex+3} (You found it on level 9 of the Dungeon)
  8590 | D:9      | Bought a scroll of identify for 70 gold pieces
  8590 | D:9      | Bought a wand of paralysis (7) for 70 gold pieces
  8602 | D:9      | Noticed Harold
  8616 | D:9      | Killed Harold
  8671 | D:9      | Found an ancient bone altar of Kikubaaqudgha.
  8681 | D:9      | Noticed Erica
  8689 | D:9      | Killed Erica
  8805 | D:9      | Noticed Grum
  8808 | D:9      | Noticed Prince Ribbit
  8828 | D:10     | Killed Prince Ribbit
  8847 | D:9      | Killed Grum
  9217 | D:10     | Found Gyrutim's Jewellery Shoppe.
  9258 | D:10     | Found a staircase to the Orcish Mines.
  9326 | D:10     | Reached **** piety under Makhleb
  9363 | D:10     | Reached skill level 10 in Armour
  9868 | D:11     | Noticed a green ugly thing
  9933 | D:11     | Killed a green ugly thing
  9946 | D:11     | Noticed a centaur warrior
  9947 | D:11     | Noticed a manticore
  9985 | D:11     | Killed a manticore
 10372 | D:11     | Noticed a cyclops
 10383 | D:11     | Killed a cyclops
 10383 | D:11     | Noticed a catoblepas
 10397 | D:11     | Killed a catoblepas
 10397 | D:11     | Reached skill level 11 in Fighting
 10403 | D:11     | Killed a centaur warrior
 10403 | D:11     | Reached XP level 12. HP: 110/110 MP: 17/17
 10445 | D:11     | Found a staircase to the Lair.
 10615 | D:11     | Noticed an ogre mage
 10966 | D:11     | Noticed a centaur warrior
 10978 | D:11     | Killed a centaur warrior
 11291 | D:11     | Killed an ogre mage
 11470 | Lair:1   | Entered Level 1 of the Lair of Beasts
 11589 | Lair:1   | Noticed a seven-headed hydra
 11613 | Lair:1   | Killed a two-headed hydra
 11613 | Lair:1   | Reached skill level 10 in Shields
 11983 | Lair:1   | Reached skill level 12 in Fighting
 12458 | Lair:2   | Found an iron altar of Okawaru.
 12860 | Lair:2   | Found a staircase to the Snake Pit.
 13160 | Lair:3   | Reached XP level 13. HP: 110/118 MP: 18/18
 13463 | Lair:4   | Reached ***** piety under Makhleb
 13578 | Lair:4   | Found a gate leading to a gauntlet.
 13580 | Lair:4   | Noticed Sonja
 13886 | Lair:4   | Found a staircase to the Shoals.
 13974 | Lair:4   | Found a frozen archway.
 13974 | Lair:4   | Noticed Rupert
 13989 | Lair:4   | Killed Rupert
 14375 | Lair:5   | Reached skill level 13 in Fighting
 14755 | Lair:5   | Found a viscous altar of Jiyva.
 14755 | Lair:5   | Found a staircase to the Slime Pits.
 15207 | Lair:6   | Entered Level 6 of the Lair of Beasts
 15219 | Lair:6   | Reached XP level 14. HP: 129/129 MP: 19/19
 15496 | Lair:6   | Found a shattered altar of Ashenzari.
 15672 | Lair:6   | Reached skill level 14 in Fighting
 15720 | Lair:6   | Reached ****** piety under Makhleb
 16457 | Orc:1    | Entered Level 1 of the Orcish Mines
 16469 | Orc:1    | Reached skill level 15 in Axes
 16835 | Orc:2    | Entered Level 2 of the Orcish Mines
 16961 | Orc:2    | Found a staircase to the Elven Halls.
 17144 | Orc:2    | Reached XP level 15. HP: 138/138 MP: 20/20
 17537 | Orc:2    | Found Attatobi's Distillery.
 17537 | Orc:2    | Found Cunt's Armour Shop.
 17539 | Orc:2    | Found Yhet's Jewellery Boutique.
 17541 | Orc:2    | Found Cesahij's Armour Shoppe.
 17548 | Orc:2    | Bought the ring of the Skies Above {Ice rN+ MR+ Int-4} for
                  | 434 gold pieces
 17555 | Orc:2    | Bought a potion of ambrosia for 104 gold pieces
 17555 | Orc:2    | Bought a potion of curing for 39 gold pieces
 17555 | Orc:2    | Bought a potion of curing for 39 gold pieces
 17555 | Orc:2    | Bought a potion of agility for 52 gold pieces
 17555 | Orc:2    | Bought a potion of haste for 130 gold pieces
 18069 | D:12     | Reached skill level 15 in Shields
 18989 | D:13     | Got a pair of ancient boots
 19002 | D:13     | Identified the +4 pair of boots of the Hidden Vale {rElec}
                  | (You found it on level 13 of the Dungeon)
 19057 | D:13     | Found a gate to the Vaults.
 19717 | Snake:1  | Entered Level 1 of the Snake Pit
 19925 | Snake:1  | Reached skill level 15 in Fighting
 20204 | Snake:1  | Identified Roxanne's Tome of the Mountains
 20204 | Snake:1  | Noticed Roxanne
 20205 | Snake:1  | Noticed Azrael
 20217 | Snake:1  | Noticed Agnes
 20232 | Snake:1  | Killed Agnes
 20238 | Snake:1  | Killed Azrael
 20449 | Snake:1  | Found Etisereg's Gadget Emporium.
 20449 | Snake:1  | Found Dison's Jewellery Boutique.
 20450 | Snake:1  | Found Soazusch's Jewellery Boutique.
 20510 | Snake:1  | Found Gophinracs's Goods Gallery.
 20649 | Snake:2  | Reached XP level 16. HP: 149/149 MP: 21/21
 20914 | Snake:2  | Noticed a nagaraja
 20936 | Snake:2  | Killed a nagaraja
 21391 | Snake:3  | Got a twisted war axe
 21393 | Snake:3  | Identified the +10 war axe "Concordance" {freeze, rPois
                  | Int+4} (You found it on level 3 of the Snake Pit)
 21415 | Snake:3  | Found a flickering gateway to a bazaar.
 21516 | Bazaar   | Entered a bazaar
 21516 | Bazaar   | Found Seh Vito's Magic Scroll Shoppe.
 21520 | Bazaar   | Found Xusum's Gadget Shoppe.
 21542 | Bazaar   | Found Luguowuu's Armour Emporium.
 21562 | Bazaar   | Found Teysea's General Store.
 22276 | Snake:3  | Found a shadowy altar of Dithmenos.
 22899 | Snake:4  | Entered Level 4 of the Snake Pit
 23101 | Snake:4  | Noticed a nagaraja
 23114 | Snake:4  | Killed a nagaraja
 23136 | Snake:4  | Noticed a nagaraja
 23181 | Snake:4  | Noticed a nagaraja
 23194 | Snake:4  | Noticed a nagaraja
 23221 | Snake:4  | Killed a nagaraja
 23238 | Snake:4  | Killed a nagaraja
 23245 | Snake:4  | Reached skill level 16 in Fighting
 23280 | Snake:4  | Got a serpentine rune of Zot
 23531 | Snake:4  | Reached skill level 15 in Armour
 23573 | Snake:4  | Noticed a nagaraja
 23583 | Snake:4  | Killed a nagaraja
 23587 | Snake:4  | Reached XP level 17. HP: 158/158 MP: 24/24
 23938 | D:10     | Bought an uncursed ring of protection from magic for 350
                  | gold pieces
 24040 | Shoals:1 | Entered Level 1 of the Shoals
 24385 | Shoals:1 | Reached skill level 10 in Invocations
 24711 | Shoals:3 | Noticed a kraken
 24711 | Shoals:3 | Noticed a kraken
 24711 | Shoals:3 | Noticed a kraken
 24711 | Shoals:3 | Noticed a kraken
 24727 | Shoals:3 | Killed a kraken
 24741 | Shoals:3 | Killed a kraken
 24782 | Shoals:3 | Killed a kraken
 24808 | Shoals:3 | Killed a kraken
 25317 | Shoals:3 | Noticed a kraken
 25336 | Shoals:3 | Killed a kraken
 25345 | Shoals:3 | Noticed a kraken
 25358 | Shoals:3 | Killed a kraken
 25629 | Shoals:4 | Entered Level 4 of the Shoals
 25647 | Shoals:4 | Reached skill level 17 in Fighting
 25786 | Shoals:4 | Reached XP level 18. HP: 169/169 MP: 26/26
 26034 | Shoals:4 | Found Gases Weuwio's Mass Market.
 26044 | Shoals:4 | Found Fulofiv's Gadget Boutique.
 26459 | Shoals:4 | Got a barnacled rune of Zot
 26685 | Vaults:1 | Entered Level 1 of the Vaults
 26841 | Snake:1  | Bought the amulet "Uhyinih" {Reflect Fragile rF+ rN+ Str+6
                  | SH+3} for 695 gold pieces
 26844 | Snake:1  | Identified a scroll of acquirement
 27027 | Vaults:1 | Found Onnie's Armour Emporium.
 27051 | Vaults:1 | Found Asek's Magic Scroll Shoppe.
 27067 | Vaults:1 | Noticed a lich
 27087 | Vaults:1 | Killed a lich
 27117 | Vaults:1 | Bought the cursed +0 pair of gloves of Shadows and Fog
                  | {rElec Str+2 Int+4} for 505 gold pieces
 27281 | Vaults:1 | Found a runed translucent gate.
 27281 | Vaults:1 | Found a runed translucent gate.
 27281 | Vaults:1 | Found a runed translucent gate.
 27281 | Vaults:1 | Found an ancient bone altar of Kikubaaqudgha.
 27281 | Vaults:1 | Noticed a lich
 27281 | Vaults:1 | Noticed a lich
 27281 | Vaults:1 | Noticed an ancient lich
 27281 | Vaults:1 | Noticed Lolleill's ghost (adept DgTm)
 27342 | Vaults:1 | Killed a lich
 27346 | Vaults:1 | Killed an ancient lich
 27352 | Vaults:1 | Killed Lolleill's ghost
 27356 | Vaults:1 | Killed a lich
 27365 | Vaults:1 | Got a slimy glass ring
 27372 | Vaults:1 | Got a scorched helmet
 27376 | Vaults:1 | Identified Kikubaaqudgha's Reference Book on Evil
 27391 | Vaults:1 | Identified the cursed +0 helmet of the Trees {SInv} (You
                  | found it on level 1 of the Vaults)
 27694 | Vaults:1 | Found Reoroud's Magic Scroll Shop.
 28013 | Vaults:1 | Found Badan's Antique Armour Boutique.
 28017 | Vaults:1 | Bought a cloak for 175 gold pieces
 28641 | Vaults:2 | Reached skill level 18 in Fighting
 28971 | Vaults:2 | Reached XP level 19. HP: 179/179 MP: 29/29
 29736 | Vaults:3 | Noticed Marixus's ghost (adept HOFi)
 29744 | Vaults:3 | Found a runed translucent gate.
 29744 | Vaults:3 | Found a runed translucent gate.
 29746 | Vaults:3 | Found a runed translucent gate.
 29823 | Vaults:3 | Killed Marixus's ghost
 29855 | Vaults:3 | Got a brightly glowing hat
 29871 | Vaults:3 | Identified the cursed +0 hat of Hopscotch {rF+ Dex+3} (You
                  | found it on level 3 of the Vaults)
 30317 | Vaults:3 | Learned a level 6 spell: Statue Form
 30601 | Vaults:3 | Reached skill level 1 in Earth Magic
 30764 | Vaults:3 | Found Atuzuz's Jewellery Boutique.
 31035 | Vaults:3 | Found a staircase to the Crypt.
 31035 | Vaults:3 | Found an ancient bone altar of Kikubaaqudgha.
 31038 | Vaults:3 | Found a basalt altar of Yredelemnul.
 31472 | Vaults:4 | Found Kilo's Antique Armour Emporium.
 31522 | Vaults:4 | Reached skill level 19 in Fighting
 31530 | Vaults:4 | Reached XP level 20. HP: 191/191 MP: 30/30
 31951 | Vaults:4 | Noticed Frederick
 31971 | Vaults:4 | Killed Frederick
 32296 | Vaults:4 | Got a transparent steel ring
 32299 | Vaults:4 | Identified the ring "Hamiusk" {rF+ MP+9 Int+4 Slay-4} (You
                  | found it on level 1 of the Vaults)
 32301 | Vaults:4 | Identified the ring "Etywk" {rPois rC+} (You acquired it on
                  | level 4 of the Vaults)
 32355 | Vaults:4 | Reached skill level 5 in Earth Magic
 33066 | Elf:1    | Entered Level 1 of the Elven Halls
 33245 | Elf:1    | Found Mudeubus's Gadget Shoppe.
 33549 | Elf:1    | Reached skill level 1 in Spellcasting
 33736 | Elf:2    | Identified the Collected Works on the Mutagenic Traveller
 33955 | Elf:2    | Reached XP level 21. HP: 200/200 MP: 31/31
 34142 | Elf:2    | Found a huge runed translucent gate.
 34144 | Elf:2    | Found a huge runed translucent gate.
 34147 | Elf:2    | Found a huge runed translucent gate.
 34148 | Elf:2    | Found a huge runed translucent gate.
 34148 | Elf:2    | Found a huge runed translucent gate.
 34743 | Elf:3    | Entered Level 3 of the Elven Halls
 34870 | Elf:3    | Reached skill level 20 in Fighting
 34908 | Elf:3    | Found Quiw's Armour Shop.
 34988 | Elf:3    | Noticed Nikola
 34997 | Elf:3    | Killed Nikola
 35141 | Elf:3    | Noticed Asterion
 35154 | Elf:3    | Killed Asterion
 35388 | Elf:3    | Found a portal to a secret trove of treasure.
 35618 | Elf:3    | Reached skill level 10 in Evocations
 35619 | Elf:3    | Identified the ring "Sajean" {rElec rC+ Str-3 Int+2 Dex+6}
 35684 | Elf:3    | Found the amulet of Vitality {Regen+ HP+15}
 35717 | Elf:3    | Identified the Guide on Supportive Bewitchment
 35767 | Elf:3    | Got a jewelled buckler
 35794 | Elf:3    | Identified the +1 buckler of Efil {Regen+} (You found it on
                  | level 3 of the Elven Halls)
 36265 | D:15     | Entered Level 15 of the Dungeon
 36265 | D:15     | Found Plog's Weapon Shop.
 36357 | D:15     | Found a staircase to the Depths.
 36514 | D:15     | Reached skill level 1 in Stealth
 37001 | Depths:1 | Entered Level 1 of the Depths
 37080 | Depths:1 | Reached XP level 22. HP: 210/210 MP: 32/32
 37113 | Depths:1 | Found an iron altar of Okawaru.
 37365 | Depths:1 | Found a one-way gate to the infinite horrors of the Abyss.
 37492 | Depths:1 | Reached skill level 5 in Stealth
 37546 | Depths:1 | Found a gateway to Hell.
 38195 | Depths:2 | Found a one-way gate leading to the halls of Pandemonium.
 38205 | Depths:2 | Reached skill level 21 in Fighting
 38618 | Depths:2 | Noticed a juggernaut
 38649 | Depths:2 | Killed a juggernaut
 38649 | Depths:2 | Reached XP level 23. HP: 220/220 MP: 33/33
 39052 | Depths:2 | Found a gateway to a ziggurat.
 39258 | Depths:2 | Found a runed translucent gate.
 39258 | Depths:2 | Found a runed translucent gate.
 39259 | Depths:2 | Found a runed translucent gate.
 39260 | Depths:2 | Noticed WeeknightWizard's ghost (veteran DEFE)
 39260 | Depths:2 | Noticed Amikeex's ghost (adept TrMo)
 39261 | Depths:2 | Noticed xzight's ghost (legendary MiBe)
 39284 | Depths:2 | Killed WeeknightWizard's ghost
 39287 | Depths:2 | Killed Amikeex's ghost
 39310 | Depths:2 | Killed xzight's ghost
 39310 | Depths:2 | Reached skill level 10 in Stealth
 39329 | Depths:2 | Got an ancient cloak
 39340 | Depths:2 | Identified the +2 cloak "Feaplena" {rCorr} (You found it on
                  | level 2 of the Depths)
 39596 | Depths:3 | Got a pair of encrusted boots
 39607 | Depths:3 | Identified the cursed -2 pair of boots "Neile" {rF+ SInv}
                  | (You found it on level 3 of the Depths)
 39775 | Depths:3 | Found a corrupted altar of Lugonu.
 40289 | Depths:3 | Reached skill level 22 in Fighting
 40857 | Depths:4 | Noticed Jory
 40886 | Depths:4 | Killed Jory
 40886 | Depths:4 | Reached XP level 24. HP: 224/231 MP: 33/33
 41262 | Depths:5 | Entered Level 5 of the Depths
 41462 | Depths:5 | Found a gate to the Realm of Zot.
 41547 | Depths:5 | Found a flickering gateway to a bazaar.
 41556 | Bazaar   | Entered a bazaar
 41562 | Bazaar   | Found Gudas's Food Boutique.
 41581 | Bazaar   | Found Ysuruzirch's Weapon Emporium.
 41599 | Bazaar   | Found Kuoph's Book Boutique.
 41616 | Bazaar   | Found Eshraschie's Antique Armour Shoppe.
 41991 | Depths:5 | Noticed Mennas
 42021 | Depths:5 | Killed Mennas
 42096 | Depths:5 | Reached skill level 15 in Invocations
 42599 | Vaults:5 | Entered Level 5 of the Vaults
 42716 | Vaults:5 | Reached skill level 23 in Fighting
 42749 | Vaults:5 | Reached XP level 25. HP: 239/239 MP: 34/34
 43200 | Vaults:5 | Identified the cursed +1 scimitar "Gin Suv" {flame, MP+9}
 43215 | Vaults:5 | Identified the +1 robe of Somewhere Else {rF+ rN+ Stlth+}
 43545 | Vaults:5 | Gained mutation: You tend to lose your temper in combat. [a
                  | shining eye]
 43768 | Vaults:5 | Identified the +6 rapier of Collusion {antimagic, rC- Dex+4
                  | Stlth+}
 44354 | Vaults:5 | Reached XP level 26. HP: 250/250 MP: 35/35
 44379 | Vaults:5 | Got a silver rune of Zot
 45563 | Elf:3    | You paid a toll of a +6 demon whip to enter a treasure
                  | trove
 45564 | Trove    | Entered a treasure trove
 45591 | Trove    | Got a faintly glowing brass amulet
 45595 | Trove    | Got a smoking diamond amulet
 45597 | Trove    | Got a heavily runed pewter amulet
 45600 | Trove    | Identified the amulet "Sothrache" {Inacc rN+ Stlth+} (You
                  | found it in a treasure trove)
 45635 | Trove    | Got an ancient broad axe
 45637 | Trove    | Identified the +5 broad axe "Fifoclegg" {speed, rF- rN+ MR+
                  | Dex+8 Stlth+} (You found it in a treasure trove)
 46081 | Zot:1    | Entered Level 1 of the Realm of Zot
 46264 | Zot:1    | Found a transporter.
 46265 | Zot:1    | Found a radiant altar of Vehumet.
 46272 | Zot:1    | Learned a level 2 spell: Swiftness
 46323 | Zot:1    | Noticed an orb of fire
 46437 | Zot:1    | Reached skill level 24 in Fighting
 46671 | Zot:1    | Noticed an ancient lich
 47297 | Zot:2    | Noticed an orb of fire
 47302 | Zot:2    | Gained mutation: You are dopey. (Int -2) [an orb of fire]
 47303 | Zot:2    | Gained mutation: Your magical capacity is low. (-10% MP)
                  | [an orb of fire]
 47306 | Zot:2    | Gained mutation: Scrolls take you a little longer to read.
                  | [an orb of fire]
 47314 | Zot:2    | Gained mutation: Armour fits poorly on your strangely
                  | shaped body. [an orb of fire]
 47466 | Zot:2    | Lost mutation: You tend to lose your temper in combat.
                  | [potion of mutation]
 47466 | Zot:2    | Lost mutation: You are dopey. (Int -2) [potion of mutation]
 47466 | Zot:2    | Gained mutation: Scrolls take you longer to read. [potion
                  | of mutation]
 47466 | Zot:2    | Gained mutation: You are partially covered in iridescent
                  | scales. (AC +2) [potion of mutation]
 47467 | Zot:2    | Lost mutation: Armour fits poorly on your strangely shaped
                  | body. [potion of mutation]
 47467 | Zot:2    | Lost mutation: Your magical capacity is low. (-10% MP)
                  | [potion of mutation]
 47467 | Zot:2    | Gained mutation: Scrolls take you much longer to read.
                  | [potion of mutation]
 47467 | Zot:2    | Gained mutation: You have a pair of small antennae on your
                  | head. [potion of mutation]
 47468 | Zot:2    | Lost mutation: You have a pair of small antennae on your
                  | head. [potion of mutation]
 47468 | Zot:2    | Lost mutation: Scrolls take you much longer to read.
                  | [potion of mutation]
 47468 | Zot:2    | Lost mutation: Scrolls take you longer to read. [potion of
                  | mutation]
 47468 | Zot:2    | Gained mutation: You tend to lose your temper in combat.
                  | [potion of mutation]
 47468 | Zot:2    | Gained mutation: Your muscles are strong. (Str +2) [potion
                  | of mutation]
 47469 | Zot:2    | Lost mutation: You tend to lose your temper in combat.
                  | [potion of mutation]
 47469 | Zot:2    | Lost mutation: Your muscles are strong. (Str +2) [potion of
                  | mutation]
 47469 | Zot:2    | Gained mutation: You are occasionally teleported next to
                  | monsters. [potion of mutation]
 47469 | Zot:2    | Gained mutation: You possess an exceptional clarity of
                  | mind. [potion of mutation]
 47471 | Zot:2    | Lost mutation: You are occasionally teleported next to
                  | monsters. [potion of mutation]
 47471 | Zot:2    | Lost mutation: You are partially covered in iridescent
                  | scales. (AC +2) [potion of mutation]
 47471 | Zot:2    | Gained mutation: You are clumsy. (Dex -2) [potion of
                  | mutation]
 47471 | Zot:2    | Gained mutation: You have a pair of small horns on your
                  | head. [potion of mutation]
 48891 | Zot:4    | Noticed an orb of fire
 48895 | Zot:4    | Gained mutation: Scrolls take you longer to read. [an orb
                  | of fire]
 48906 | Zot:4    | Killed an orb of fire
 48910 | Zot:4    | Noticed an orb of fire
 48920 | Zot:4    | Gained mutation: You are dopey. (Int -2) [an orb of fire]
 48921 | Zot:4    | Gained mutation: Your flesh is heat resistant. (rF+) [an
                  | orb of fire]
 48921 | Zot:4    | HP: 4/256 [golden dragon (31)]
 48935 | Zot:3    | HP: 3/256 [orb of fire/fireball (19)]
 48940 | Zot:3    | HP: 2/256 [orb of fire/fireball (12)]
 48948 | Zot:3    | HP: 5/256 [orb of fire/fireball (23)]
 48949 | Zot:3    | Killed from afar by an orb of fire

Skill      XL: |  1  2  3  4  5  6  7  8  9 10 11 12 13 14 15 16 17 18 19 20 21 22 23 24 25 26 |
---------------+-------------------------------------------------------------------------------+-----
Axes           | 3 4 5 6 7 9 10 11 12 14 15 16 | 16.4
Fighting       | 4 5 6 7 8 10 11 12 13 14 15 16 17 18 19 20 21 22 23 24 | 24.5
Armour         | 4 5 7 8 9 10 11 12 13 14 15 16 17 18 19 20 21 22 23 | 23.0
Shields        | 4 5 7 8 11 12 14 16 17 18 19 20 21 22 | 22.2
Invocations    | 3 6 7 9 11 13 14 15 17 18 | 18.7
Evocations     | 2 4 5 6 8 10 12 13 14 | 14.0
Earth Magic    | 3 6 8 |  8.4
Spellcasting   | 1 4 |  4.3
Stealth        | 2 8 11 12 | 12.4

Action                   |  1- 3 |  4- 6 |  7- 9 | 10-12 | 13-15 | 16-18 | 19-21 | 22-24 | 25-27 || total
-------------------------+-------+-------+-------+-------+-------+-------+-------+-------+-------++-------
Melee: War axe           |    88 |   145 |   509 |   533 |   938 |  1100 |  1304 |  1568 |   916 ||  7101
       Headbutt          |       |       |       |       |       |       |       |       |    75 ||    75
Throw: Stone             |     8 |       |       |       |       |       |       |       |       ||     8
Invok: Lesser Servant of |       |       |       |     5 |     8 |     6 |       |       |       ||    19
       Greater Servant o |       |       |       |       |       |     8 |    15 |    14 |    15 ||    52
Evoke: Wand              |       |       |       |    11 |     1 |     6 |     1 |     1 |       ||    20
       Phantom mirror    |       |       |       |       |       |       |       |       |     2 ||     2
  Use: Potion            |       |     1 |     3 |     2 |     4 |     9 |     5 |     6 |    22 ||    52
       Scroll            |       |       |    16 |     6 |     9 |    17 |     6 |     7 |    11 ||    72
 Stab: Paralysed         |       |       |       |     9 |     1 |       |       |       |       ||    10
       Petrified         |       |       |       |     3 |       |       |       |       |       ||     3
       Distracted        |       |       |       |     1 |     4 |     2 |     8 |     8 |    12 ||    35
       Confused          |       |       |       |       |       |       |       |       |     1 ||     1
  Eat: Chunk             |     1 |     6 |    10 |    12 |    17 |    11 |    14 |     8 |     5 ||    84
       Ration            |       |       |     1 |     4 |     2 |     5 |     4 |     4 |     5 ||    25
Armor: Scale mail        |    48 |       |       |       |       |       |       |       |       ||    48
       Plate armour      |       |    92 |   298 |   369 |   394 |   432 |   263 |   476 |   302 ||  2626
       Skin              |       |       |     2 |       |       |       |       |       |       ||     2
Dodge: Dodged            |    25 |    20 |   109 |   128 |   183 |   109 |    91 |   180 |    94 ||   939
Block: Shield            |    49 |    71 |   273 |   384 |   669 |   114 |       |       |       ||  1560
       Reflection        |       |       |       |     8 |    63 |   180 |   111 |    95 |    54 ||   511
       Large shield      |       |       |       |       |       |  1168 |  1128 |  1637 |   919 ||  4852
